 Dungeon Crawl Stone Soup version 0.27-a0-488-g88baaf19db (webtiles) character file.

44158 Leafsnail the Destroyer (level 13, -7/114 HPs)
             Began as a Demigod Conjurer on Mar 27, 2018.
             Mangled by a spriggan rider
             ... wielding a +0 spear
              (17 damage)
             ... on level 3 of the Swamp on Mar 1, 2021.
             The game lasted 02:30:30 (23796 turns).

Leafsnail the Destroyer (Demigod Conjurer)         Turns: 23796, Time: 02:30:31

Health: -7/114     AC:  8    Str: 11    XL:     13   Next: 56%
Magic:  26/28      EV: 21    Int: 31    God:
Gold:   889        SH:  0    Dex: 24    Spells: 3/27 levels left

rFire    . . .     SeeInvis +   r - +0 dagger (elec)
rCold    . . .     Faith    .   (no shield)
rNeg     . . .     Spirit   .   h - +3 leather armour of Zankahuill {Dex+3}
rPois    +         Reflect  .   e - +0 helmet
rElec    .         Harm     .   w - +1 cloak
rCorr    .         Rampage  .   (no gloves)
Will     +....                  U - +0 pair of boots of the Land of Plenty {+Fly Int+4}
Stlth    ++........             F - amulet of magic regeneration
HPRegen  1.29/turn              W - +5 ring of dexterity
MPRegen  0.46/turn              m - ring "Loigeqi" {rPois SInv}

@: swift, corroded, quick
A: molten scales 1, high mp 1, regeneration 1
a: Evoke Flight


You were on level 3 of the Swamp.
You visited 3 branches of the dungeon, and saw 18 of its levels.
You also visited: Ossuary.

You collected 1149 gold pieces.
You spent 260 gold pieces at shops.

Inventory:

Hand Weapons
 r - a +0 dagger of electrocution (weapon)
 C - the +1 dagger of the Neverending Lies {vorpal, *Corrode Int+6}
   (You found it on level 5 of the Dungeon)

   It inflicts extra damage upon your enemies.
   It affects your intelligence (+6).
   It may corrode you when you take damage.
Armour
 e - a +0 helmet (worn)
 h - the +3 leather armour of Zankahuill (worn) {Dex+3}
   (You found it on level 1 of the Swamp)

   It affects your dexterity (+3).
 q - a +0 kite shield
 w - a +1 cloak (worn)
 L - a +1 leather armour of cold resistance
 U - the +0 pair of boots of the Land of Plenty (worn) {+Fly Int+4}
   (You found it on level 4 of the Lair of Beasts)

   It affects your intelligence (+4).
   It lets you fly.
 Z - a +2 pair of boots
Jewellery
 m - the ring "Loigeqi" (right hand) {rPois SInv}
   (You found it in an ossuary)

   [ring of see invisible]

   It protects you from poison.
   It lets you see invisible.
 x - a ring of willpower
 F - an amulet of magic regeneration (around neck)
 K - a ring of flight
 M - an amulet of guardian spirit
 R - a ring of ice
 T - an amulet of reflection
 W - a +5 ring of dexterity (left hand)
Wands
 a - a wand of paralysis (24)
 f - a wand of mindburst (16)
 v - a wand of random effects (31)
 y - a wand of charming (34)
 B - a wand of iceblast (37)
 G - a wand of polymorph (26)
 I - a wand of acid (17)
 P - a wand of digging (16)
 X - a wand of flame (28)
Scrolls
 d - 2 scrolls of identify
 g - 3 scrolls of enchant weapon
 i - 4 scrolls of magic mapping
 n - 3 scrolls of blinking
 o - a scroll of amnesia
 s - 5 scrolls of fog
 u - 3 scrolls of fear
 H - a scroll of torment
 J - a scroll of enchant armour
 O - 2 scrolls of removedness
 S - 4 scrolls of teleportation
Potions
 b - 3 potions of mutation
 j - 7 potions of curing
 k - a potion of flight
 l - 2 potions of brilliance
 p - 4 potions of haste
 t - 5 potions of berserk rage
 A - a potion of attraction
 D - 4 potions of resistance
 E - a potion of ambrosia
 N - a potion of might
 V - a potion of invisibility
Miscellaneous
 Q - a phial of floods
 Y - a lightning rod (4/4)
Comestibles
 c - 32 removed foods


   Skills:
 - Level 10.3 Fighting
 - Level 9.4 Dodging
 - Level 1.7 Stealth
 - Level 7.5 Spellcasting
 - Level 11.5 Conjurations
 + Level 5.9 Summonings
 + Level 5.9 Necromancy
 - Level 2.3 Translocations
 - Level 7.0 Ice Magic


You had 3 spell levels left.
You knew the following spells:

 Your Spells              Type           Power        Failure   Level
a - Magic Dart            Conj           100%         1%          1
b - Searing Ray           Conj           100%         1%          2
c - Animate Skeleton      Necr           96%          1%          1
d - Iskenderun's Mystic   Conj/Tloc      53%          3%          4
e - Freeze                Ice            100%         1%          1
f - Summon Ice Beast      Ice/Summ       51%          3%          4
g - Blink                 Tloc           N/A          3%          2
h - Ozocubu's Armour      Ice            53%          1%          3
i - Animate Dead          Necr           24%          4%          4
k - Swiftness             Air            11%          9%          2

Your spell library contained the following spells:

 Spells                   Type           Power        Failure   Level
 Pain                     Necr           100%         1%          1
 Shock                    Conj/Air       100%         1%          1
 Call Imp                 Summ           48%          1%          2
 Conjure Flame            Conj/Fire      47%          1%          3
 Dazzling Flash           Conj/Hex       94%          1%          3
 Static Discharge         Conj/Air       47%          1%          3
 Vampiric Draining        Necr           24%          1%          3
 Mephitic Cloud           Conj/Pois/Air  35%          3%          3
 Beastly Appendage        Tmut           22%          5%          1
 Gell's Gravitas          Tloc           12%          6%          3
 Slow                     Hex            11%          9%          2
 Confusing Touch          Hex            11%          17%         3
 Spider Form              Tmut/Pois      5%           17%         3
 Hailstorm                Conj/Ice       62%          1%          4
 Fulminant Prism          Conj/Hex       23%          5%          4
 Ice Form                 Ice/Tmut       33%          13%         4
 Lightning Bolt           Conj/Air       23%          14%         5
 Metabolic Englaciation   Hex/Ice        16%          34%         5
 Airstrike                Air            5%           50%         4
 Petrify                  Tmut/Erth      11%          50%         4
 Blade Hands              Tmut           5%           83%         5
 Yara's Violent Unravell  Hex/Tmut       5%           83%         5


Dungeon Overview and Level Annotations

Branches:
Dungeon (9/15)             Temple (0/1) D:7            Lair (6/6) D:9
  Swamp (3/4) Lair:2       Spider (0/4) Lair:4        Slime (0/5) Lair:6
    Orc: D:9-12

Shops:
D:7 (   D:8 :

Annotations:
D:5 4 transporters, Menkaure
Swamp:2 Anon1729's ghost, journeyman FeIE


Innate Abilities, Weirdness & Mutations

You have an increased reservoir of magic. (+10% MP)
You are partially covered in molten scales. (AC +2)
Your natural rate of healing is unusually fast.


Message History

The swamp worm barely misses you. The swamp worm completely misses you.
Casting: Summon Ice Beast (mildly dangerous; 3% risk of failure)
Confirm with . or Enter, or press ? or * to list all spells.
Okay, then.
Unknown command.
Casting: Summon Ice Beast (mildly dangerous; 3% risk of failure)
Confirm with . or Enter, or press ? or * to list all spells.
You blink.
Splash!
You fall into the shallow water.
Moving in this stuff is going to be slow.
A will-o-the-wisp comes into view.
The spriggan rider hits you from afar with a +0 spear.
* * * LOW HITPOINT WARNING * * *
Unknown command.
The spriggan rider completely misses you.
The alligator puts on a burst of speed!
Your tyrant leech zombie misses the spriggan rider.
Casting: Blink (safe; 3% risk of failure)
Confirm with . or Enter, or press ? or * to list all spells.
Okay, then.
Casting: Blink (safe; 3% risk of failure)
Confirm with . or Enter, or press ? or * to list all spells.
You feel quick. The alligator bites you!!
* * * LOW HITPOINT WARNING * * *
The alligator tail-slaps you.
* * * LOW HITPOINT WARNING * * *
The spriggan rider closely misses you. The swamp worm closely misses you.
Your tyrant leech zombie misses the spriggan rider.
The swamp worm barely misses you.
The will-o-the-wisp gestures.
The will-o-the-wisp conjures some foxfire!
A foxfire comes into view.
A foxfire comes into view.
The foxfire hits your tyrant leech zombie!
Your tyrant leech zombie is destroyed!
The alligator completely misses you. The alligator tail-slaps you.
* * * LOW HITPOINT WARNING * * *
The spriggan rider hits you from afar with a +0 spear!
You die...

♣≈≈≈≈§v≈.≈♣♣≈..♣
♣♣.≈≈≈§≈≈......♣♣
♣≈≈.≈§≈≈..?...≈♣
♣♣♣..≈§≈..D.≈≈♣♣
♣♣≈§F.≈♣..F.≈♣
♣≈§ww♣♣♣...♣♣♣♣
♣♣♣.i.♣♣♣♣≈.≈≈..♣
♣♣.≈≈≈t♣♣≈≈≈≈≈..♣♣♣♣
♣≈≈≈≈≈@≈≈≈§≈≈..≈...♣
♣≈≈≈≈≈..≈≈≈≈§≈..≈≈.♣
♣≈.≈≈≈...≈≈≈≈.♣≈...≈♣♣
≈≈≈≈.≈♣≈.≈≈≈.≈♣≈.≈≈≈≈♣♣
≈≈...≈...≈≈≈≈.♣♣≈.≈§≈.♣
..≈♣≈..≈.≈≈≈≈.≈♣♣.≈≈≈≈♣
.♣♣≈.≈♣..≈≈≈.≈≈≈♣.≈§.♣♣
♣≈.♣♣≈♣.≈≈≈≈≈≈.!≈≈♣♣
♣♣♣.§...≈≈≈≈≈.♣♣♣♣


You could see an alligator (swift), a spriggan rider, a goliath frog and 2 swamp
worms.

Vanquished Creatures
  Fannar (Lair:3)
  A hydra (Swamp:2)
  2 alligators (Swamp:2)
  A two-headed ogre (D:9)
  A death yak (Lair:6)
  Pikel (D:5)
  The ghost of Sergey the Chopper, a novice BaWr of Yredelemnul (D:5)
  2 elephants
  2 black mambas (Lair:1)
  3 cane toads
  A komodo dragon (Lair:3)
  3 tyrant leeches
  2 blink frogs
  10 yaks
  A basilisk (Lair:3)
  A human (D:7)
  2 steam dragons
  3 vampire mosquitoes (Swamp:1)
  3 hogs (D:7)
  2 swamp worms
  10 water moccasins
  4 removed porcupines
  2 swamp drakes (Swamp:1)
  A black bear (D:6)
  2 orc warriors
  2 ogres
  2 removed slaves (D:5)
  An eye of draining (D:6)
  5 phantoms
  A necrophage (D:7)
  2 centaurs
  7 wolves
  6 removed crocodiles
  Blork the orc (D:4)
  7 bullfrogs
  A gnoll sergeant (D:4)
  12 scorpions
  4 wights (D:8)
  4 electric eels (D:7)
  2 crimson imps
  4 howler monkeys
  A centaur zombie (Ossuary)
  A human zombie (Ossuary)
  2 bullfrog skeletons
  8 hounds
  3 jellies
  8 orc priests
  Crazy Yiuf (D:2)
  A centaur skeleton (D:7)
  Ijyb (D:5)
  Terence (D:2)
  4 orc wizards
  2 hell rats (Lair:3)
  5 worker ants
  A kobold brigand zombie (Ossuary)
  2 hound skeletons
  3 mummies (Ossuary)
  A worker ant zombie (D:2)
  9 gnolls
  2 howler monkey skeletons
  22 adders
  5 scorpion zombies (Ossuary)
  2 shadow imps
  An ooze (D:3)
  An adder skeleton (D:6)
  2 worms (D:2)
  A dart slug (D:2)
  3 leopard geckos
  30 orcs
  5 giant cockroaches
  8 goblins
  13 hobgoblins
  12 jackals
  2 quokkas
  3 ball pythons
  6 bats
  3 frilled lizards
  3 gnoll zombies (Ossuary)
  2 hobgoblin zombies (Ossuary)
  A jackal skeleton (D:6)
  8 kobolds
  2 kobold zombies (Ossuary)
  An orc zombie (Ossuary)
  4 rats
  A plant (D:7)
320 creatures vanquished.

Vanquished Creatures (collateral kills)
  The ghost of Thaneod the Severer, a journeyman VSFi of Trog (Lair:6)
  An eleionoma (Swamp:3)
  The ghost of Totori the Fighter, a journeyman OgFi of the Shining One (D:9)
  8 hydras
  4 catoblepae
  7 alligators
  4 death yaks
  4 swamp dragons
  An orb spider (Lair:4)
  An oklob plant (Lair:5)
  2 manticores (Lair:6)
  9 elephants
  2 black mambas
  13 cane toads
  3 rime drakes
  3 komodo dragons
  6 tyrant leeches
  A hornet (D:9)
  5 polar bears (Lair:6)
  7 slime creatures
  3 removed hippogriffs
  5 blink frogs
  4 bog bodies (Swamp:1)
  A wyvern (D:9)
  28 yaks
  2 basilisks
  10 vampire mosquitoes
  4 insubstantial wisps (Swamp:2)
  6 swamp worms
  8 water moccasins
  A removed porcupine (Lair:2)
  4 swamp drakes
  16 wolves
  8 removed crocodiles
  4 bullfrogs
  An iguana (D:9)
  5 hell rats (Lair:3)
  An orc (D:9)
  7 fungi
  2 plants (Lair:6)
203 creatures vanquished.

Vanquished Creatures (others)
  A removed slave (D:5)
  A scorpion (Ossuary)
  A kobold brigand zombie (Ossuary)
  A scorpion zombie (Ossuary)
  A goblin zombie (Ossuary)
  2 foxfires (Swamp:3)
  17 fungi
  10 plants
34 creatures vanquished.

Grand Total: 557 creatures vanquished

Notes
Turn   | Place    | Note
-------+----------+-------------------------------------------
     0 | D:1      | Leafsnail the Demigod Conjurer began the quest for the Orb.
     0 | D:1      | Reached XP level 1. HP: 14/14 MP: 5/5
   462 | D:1      | Reached XP level 2. HP: 13/20 MP: 1/7
   786 | D:1      | Learned a level 2 spell: Searing Ray
   820 | D:1      | Reached skill level 4 in Conjurations
  1388 | D:2      | Found a shadowy altar of Dithmenos.
  1769 | D:2      | Reached XP level 3. HP: 26/26 MP: 1/8
  2077 | D:2      | Noticed Terence
  2091 | D:2      | Killed Terence
  2231 | D:2      | Reached XP level 4. HP: 30/33 MP: 1/9
  2729 | D:2      | Found a runed door.
  2737 | D:2      | Learned a level 3 spell: Dazzling Flash
  2741 | D:2      | Noticed Crazy Yiuf
  2746 | D:2      | Killed Crazy Yiuf
  2970 | D:3      | Reached XP level 5. HP: 38/38 MP: 6/11
  3087 | D:3      | Reached skill level 5 in Conjurations
  3899 | D:3      | Reached skill level 6 in Conjurations
  3899 | D:3      | Reached XP level 6. HP: 45/45 MP: 8/12
  4138 | D:3      | Learned a level 4 spell: Iskenderun's Mystic Blast
  4534 | D:4      | Reached skill level 7 in Conjurations
  4610 | D:4      | Gained mutation: Your mind is acute. (Int +2) [potion of
                  | mutation]
  4610 | D:4      | Gained mutation: You are partially covered in molten
                  | scales. (AC +2) [potion of mutation]
  4610 | D:4      | Lost mutation: Your mind is acute. (Int +2) [potion of
                  | mutation]
  4610 | D:4      | Gained mutation: Your natural rate of healing is unusually
                  | fast. [potion of mutation]
  4612 | D:4      | Reached XP level 7. HP: 24/50 MP: 1/13
  4879 | D:4      | Noticed Blork the orc
  4885 | D:4      | Killed Blork the orc
  5096 | D:4      | Reached skill level 8 in Conjurations
  5805 | D:5      | Entered Level 5 of the Dungeon
  5810 | D:5      | Found an ancient bone altar of Kikubaaqudgha.
  5812 | D:5      | Noticed Menkaure
  5814 | D:5      | Found a basalt altar of Yredelemnul.
  5863 | D:5      | Found a transporter.
  5885 | D:5      | Upgraded the game from 0.22-a0-303-g4a852b3 to
                  | 0.22-a0-402-ga933591
  5892 | D:5      | Learned a level 1 spell: Freeze
  5901 | D:5      | Got a fine dagger
  5902 | D:5      | Identified the cursed +1 dagger of the Neverending Lies
                  | {pierce, *Corrode Int+6} (You found it on level 5 of the
                  | Dungeon)
  5915 | D:5      | Found a glowing silver altar of Zin.
  5967 | D:5      | Reached skill level 9 in Conjurations
  5967 | D:5      | Reached skill level 1 in Ice Magic
  5967 | D:5      | Reached XP level 8. HP: 56/57 MP: 3/15
  6023 | D:5      | Noticed Ijyb
  6044 | D:5      | Killed Ijyb
  6265 | D:5      | Found a transporter.
  6319 | D:5      | Found a sand-covered staircase.
  6324 | Ossuary  | Entered an ossuary
  7004 | Ossuary  | Got an ancient ivory ring
  7006 | Ossuary  | Identified the ring "Loigeqi" {rPois SInv} (You found it in
                  | an ossuary)
  7527 | D:5      | Noticed Pikel
  7534 | D:5      | Killed Pikel
  7534 | D:5      | Reached skill level 5 in Ice Magic
  7648 | D:5      | Found an ornate altar of the Wu Jian Council.
  7649 | D:5      | Found a burning altar of Makhleb.
  7650 | D:5      | Noticed a red ugly thing
  7652 | D:5      | Found a transporter.
  7653 | D:5      | Noticed a hippogriff
  7666 | D:5      | Reached XP level 9. HP: 62/62 MP: 11/16
  7680 | D:5      | Found a transporter.
  7745 | D:5      | Noticed Sergey's ghost (novice BaWr)
  7756 | D:5      | Killed Sergey's ghost
  8688 | D:6      | Reached skill level 10 in Conjurations
  8821 | D:6      | Found a bloodstained altar of Trog.
  9505 | D:7      | Found a glowing golden altar of the Shining One.
  9556 | D:7      | Found a staircase to the Ecumenical Temple.
  9611 | D:6      | Learned a level 4 spell: Summon Ice Beast
  9677 | D:7      | Found Ampik's Antique Weapon Shop.
  9898 | D:7      | Reached skill level 1 in Summonings
  9913 | D:7      | Reached skill level 11 in Conjurations
  9918 | D:7      | Reached XP level 10. HP: 35/69 MP: 3/18
 10207 | D:8      | Found a sacrificial altar of Ru.
 10446 | D:8      | Found an opulent altar of Gozag.
 10447 | D:8      | Found a sparkling altar of Nemelex Xobeh.
 10541 | D:8      | Found Ugrag's Book Shoppe.
 10571 | D:8      | Bought a book of Minor Magic for 260 gold pieces
 11010 | D:8      | Found a blossoming altar of Fedhas.
 11241 | D:9      | Found a shattered altar of Ashenzari.
 11253 | D:9      | Noticed a red ugly thing
 11478 | D:9      | Found a deep blue altar of Sif Muna.
 11507 | D:9      | Noticed Totori's ghost (journeyman OgFi)
 11527 | D:9      | Killed Totori's ghost
 11527 | D:9      | Reached skill level 5 in Spellcasting
 11548 | D:9      | Learned a level 2 spell: Blink
 11646 | D:9      | Noticed a two-headed ogre
 11653 | D:9      | Killed a two-headed ogre
 11653 | D:9      | Reached skill level 1 in Translocations
 11773 | D:9      | Learned a level 3 spell: Ozocubu's Armour
 12057 | D:9      | Reached skill level 1 in Fighting
 12264 | D:9      | Found a staircase to the Lair.
 12538 | Lair:1   | Entered Level 1 of the Lair of Beasts
 12704 | Lair:1   | Noticed a black mamba
 12715 | Lair:1   | Killed a black mamba
 12810 | Lair:1   | Noticed a black mamba
 12819 | Lair:1   | Killed a black mamba
 13052 | Lair:1   | Reached XP level 11. HP: 73/82 MP: 7/23
 14150 | Lair:2   | Noticed a seven-headed hydra
 14167 | Lair:2   | Killed a seven-headed hydra
 14167 | Lair:2   | Reached skill level 5 in Fighting
 14325 | Lair:2   | Reached skill level 5 in Dodging
 14486 | Lair:2   | Found a staircase to the Swamp.
 14489 | Lair:2   | Noticed a five-headed hydra
 14591 | Lair:2   | Killed a five-headed hydra
 15262 | Lair:3   | Learned a level 1 spell: Animate Skeleton
 15454 | Lair:3   | Noticed Fannar
 15496 | Lair:3   | Killed Fannar
 17015 | Lair:4   | Noticed a death yak
 17024 | Lair:4   | Killed a death yak
 17314 | Lair:4   | Learned a level 7 spell: Regeneration
 17370 | Lair:4   | Got a pair of translucent boots
 17371 | Lair:4   | Identified the +0 pair of boots of the Land of Plenty {+Fly
                  | Int+4} (You found it on level 4 of the Lair of Beasts)
 17390 | Lair:4   | Found a hole to the Spider Nest.
 17403 | Lair:4   | Reached XP level 12. HP: 101/101 MP: 20/26
 17449 | Lair:4   | Reached skill level 1 in Charms
 17449 | Lair:4   | Reached skill level 1 in Necromancy
 18032 | Lair:5   | Noticed a six-headed hydra
 18050 | Lair:5   | Killed a six-headed hydra
 18191 | Lair:5   | Noticed a catoblepas
 18207 | Lair:5   | Killed a catoblepas
 18389 | Lair:5   | Found a burning altar of Makhleb.
 18739 | Lair:6   | Entered Level 6 of the Lair of Beasts
 18739 | Lair:6   | Found a viscous altar of Jiyva.
 18739 | Lair:6   | Found a staircase to the Slime Pits.
 18758 | Lair:6   | Noticed a four-headed hydra
 18892 | Lair:5   | Learned a level 2 spell: Swiftness
 18903 | Lair:6   | Noticed Thaneod's ghost (journeyman VSFi)
 18941 | Lair:5   | Killed a four-headed hydra
 19217 | Lair:6   | Killed Thaneod's ghost
 19398 | Lair:6   | Noticed a six-headed hydra
 19404 | Lair:6   | Killed a six-headed hydra
 20042 | Lair:6   | Noticed a catoblepas
 20066 | Lair:6   | Killed a catoblepas
 20136 | Lair:6   | Noticed a catoblepas
 20150 | Lair:6   | Killed a catoblepas
 20569 | Lair:6   | Noticed a catoblepas
 20588 | Lair:6   | Killed a catoblepas
 20588 | Lair:6   | Reached XP level 13. HP: 42/113 MP: 23/28
 20882 | Lair:6   | Learned a level 4 spell: Animate Dead
 21044 | Swamp:1  | Entered Level 1 of the Swamp
 21255 | Swamp:1  | Reached skill level 10 in Fighting
 21789 | Swamp:1  | Got an ancient leather armour
 21790 | Swamp:1  | Identified the +3 leather armour of Zankahuill {Dex+3} (You
                  | found it on level 1 of the Swamp)
 22493 | Swamp:2  | Reached skill level 5 in Necromancy
 22558 | Swamp:2  | Reached skill level 5 in Summonings
 22716 | Swamp:2  | Noticed Anon1729's ghost (journeyman FeIE)
 23796 | Swamp:3  | Mangled by a spriggan rider

Illustrated notes

Levels and vault maps discovered:
D:1:      ncdulo_smallfort, roderic_serpentine_path
D:2:      grunt_dithmenos_smoke_and_mirrors, uniq_terence,
          uniq_crazy_yiuf_cottage
D:3:      serial_bayou_pond_c
D:4:      first_ration, uniq_blork_the_orc
D:5:      gammafunk_temple_of_torment, lemuel_doored_altar,
          gammafunk_temple_overflow_arena, enter_ossuary_5, uniq_ijyb,
          uniq_pikel
D:6:      trog_eyes_of_draining
D:7:      nicolae_overflow_crystal_walls, temple_pool_b, serial_bayou,
          serial_bayou_crossing, serial_bayou_lake_a, serial_bayou_pond_b,
          serial_bayou_lagoon_a, serial_bayou_shore_b, serial_shops, shop,
          grunt_livestock
D:8:      grunt_temple_overflow_opulence, nicolae_ru_great_annihilating_truth,
          lemuel_round_altar, serial_shops, nicolae_shop_stone,
          kennysheep_big_empty_room
D:9:      kennysheep_mini_moat, erik_lair_dragon, led_sif_pool
Lair:1:   lemuel_fruit_tree, grunt_megastairs_2, lemuel_fruit_fields
Lair:2:   minmay_swamp_entry_worms
Lair:3:   uniq_fannar
Lair:4:   nicolae_spider_entry_orb_guardian, beast_lair_carwin_6,
          infiniplex_staircase_pool_2
Lair:5:   lemuel_oklob_altar, grunt_megastairs_4
Lair:6:   evilmike_catoblepas_cave, slime_altar_1, cheibrodos_lair_lostbears
Swamp:1:  infiniplex_staircase_pool, nicolae_swamp_trees_clearing
Swamp:2:  cheibrodos_swamp_heart_of_darkness, evilmike_swamp_ruin_house_5
Swamp:3:  layout_basic_swamp, evilmike_swamp_ruin_rubble_1

Skill      XL: |  1  2  3  4  5  6  7  8  9 10 11 12 13 |
---------------+----------------------------------------+-----
Dodging        | 2 3 4 6 8 9 |  9.4
Conjurations   | 4 6 7 9 11 | 11.5
Spellcasting   | 2 3 5 7 |  7.5
Ice Magic      | 1 5 7 |  7.0
Summonings     | 2 3 5 |  5.9
Translocations | 2 |  2.3
Fighting       | 3 7 9 10 | 10.3
Charms         | 3 |  0.0
Necromancy     | 3 5 |  5.9
Stealth        | |  1.7

Action                   |  1- 3 |  4- 6 |  7- 9 | 10-12 | 13-15 || total
-------------------------+-------+-------+-------+-------+-------++-------
Melee: Whip              |    24 |       |       |       |       ||    24
       Dagger            |     4 |    17 |   159 |   210 |   196 ||   586
 Cast: Magic Dart        |    52 |   103 |   178 |    81 |     5 ||   419
       Searing Ray       |     8 |    13 |    43 |    19 |       ||    83
       Dazzling Flash    |       |     1 |       |     1 |       ||     2
       Iskenderun's Myst |       |       |    17 |     7 |     4 ||    28
       Freeze            |       |       |    77 |   360 |    14 ||   451
       Summon Ice Beast  |       |       |       |   204 |    97 ||   301
       Ozocubu's Armour  |       |       |       |    50 |    25 ||    75
       Blink             |       |       |       |     7 |     4 ||    11
       Animate Skeleton  |       |       |       |    58 |       ||    58
       Regeneration      |       |       |       |    23 |    20 ||    43
       Animate Dead      |       |       |       |       |    20 ||    20
       Swiftness         |       |       |       |       |     4 ||     4
 Abil: Evoke Flight      |       |       |       |       |     5 ||     5
Evoke: Wand              |       |       |       |     2 |       ||     2
  Use: Scroll            |       |     7 |    12 |    15 |     2 ||    36
       Potion            |       |     1 |     4 |     2 |       ||     7
 Stab: Sleeping          |       |       |       |     2 |       ||     2
       Distracted        |       |       |       |     4 |     5 ||     9
  Eat: Removed food      |     5 |     8 |    17 |    46 |     4 ||    80
       Removed food      |       |       |     1 |     2 |     3 ||     6
Armor: Robe              |     5 |       |       |       |       ||     5
       Leather armour    |     1 |    13 |    74 |   217 |   110 ||   415
       Skin              |       |       |    17 |       |       ||    17
Dodge: Dodged            |    33 |    58 |   197 |   570 |   313 ||  1171

Table legend: (Time is in decaauts)
 A = Elapsed time spent in this place.
 B = Non-inter-level travel time spent in this place.
 C = Inter-level travel time spent in this place.
 D = Time resting spent in this place.
 E = Time spent auto-exploring this place.
 F = Levels seen in this place.
 G = Mean time per level.
                   A        B        C        D        E       F      G
               +--------+--------+--------+--------+--------+-----+--------+
         Total |  24062 |  22731 |   1331 |   7384 |   8612 |  19 | 1266.4 |
       Dungeon |  11572 |  11035 |    537 |   3832 |   4280 |   9 | 1285.8 |
          Lair |   8526 |   7899 |    627 |   2115 |   3437 |   6 | 1421.0 |
         Swamp |   2902 |   2737 |    165 |    871 |    876 |   3 |  967.3 |
       Ossuary |   1061 |   1061 |      0 |    566 |     17 |   1 | 1061.0 |
               +--------+--------+--------+--------+--------+-----+--------+

Top non-repeatable levels by time:
 Swamp:3: 255 daAuts
 Swamp:1: 50 daAuts
 Swamp:2: 45 daAuts
Note: time per level data comes from an upgraded game and may be incomplete.
